 Dungeon Crawl Stone Soup version 0.30.0-29-ga12c61a403 (webtiles) character file.

Game seed: 280736988602476941

1382 qw the Cleaver (level 8, -6/49 HPs)
             Began as a Gargoyle Fighter on June 3, 2023.
             Mangled by Prince Ribbit (11 damage)
             ... on level 5 of the Dungeon.
             The game lasted 00:02:51 (4287 turns).

qw the Cleaver (Gargoyle Fighter)                   Turns: 4287, Time: 00:02:52

Health: -6/49      AC: 22    Str: 22    XL:     8   Next: 67%
Magic:  8/8        EV:  6    Int:  9    God:
Gold:   305        SH:  4    Dex:  9    Spells: 7/7 levels left

rFire   . . .        Y - +2 war axe
rCold   . . .        c - +0 buckler
rNeg    + . .        o - +0 plate armour
rPois   inf          (no helmet)
rElec   +            j - +0 cloak
rCorr   .            g - +2 pair of gloves
SInv    .            (no boots)
Will    .....        f - amulet of regeneration Stlth
                     (no ring)
HPRegen 1.08/turn    (no ring)
MPRegen 0.11/turn

%: no passive effects
@: about to teleport
A: sickness immunity, AC +5, negative energy resistance 1, electricity
resistance, torment resistance 1, petrification resistance
a: no special abilities


You were on level 5 of the Dungeon.
You visited 2 branches of the dungeon, and saw 7 of its levels.

You collected 305 gold pieces.


Innate Abilities, Weirdness & Mutations

You are immune to sickness and miasma.
Your stone body is resilient. (AC +5)
You are immune to poison.
You resist negative energy. (rN+)
You are resistant to electric shocks. (rElec)
You are resistant to unholy torment.
You are immune to petrification.


   Skills:
 - Level 5.0 Fighting
 - Level 8.1 Axes
 - Level 1.1 Throwing
 + Level 4.6 Armour
 - Level 2.1 Dodging
 - Level 3.2 Shields


You had 7 spell levels left.
You didn't know any spells.
Your spell library was empty.

Inventory:

Hand Weapons
 p - a +0 morningstar
 Y - a +2 war axe (weapon)
Missiles
 q - a boomerang (quivered)
Armour
 c - a +0 buckler (worn)
 g - a +2 pair of gloves (worn)
 j - a +0 cloak (worn)
 o - a +0 plate armour (worn)
Jewellery
 f - an amulet of regeneration (around neck)
 m - a ring of ice
Scrolls
 b - a scroll of teleportation
 i - a scroll of identify
Potions
 a - 3 potions of curing
 d - 3 potions of might
 e - a potion of attraction
 h - a potion of heal wounds
 l - a potion of haste
 n - a potion of cancellation

Dungeon Overview and Level Annotations

Branches:
Dungeon (6/15)             Temple (1/1) D:5

Altars:
Ashenzari
Cheibriados
Elyvilon
Nemelex Xobeh
Qazlal
Ru
Sif Muna
Trog
Vehumet
Xom
Zin
The Shining One

Annotations:
D:5 Prince Ribbit


Message History

You barely miss Prince Ribbit.
Prince Ribbit is heavily wounded.
You completely miss the adder. Prince Ribbit hits you!
The adder bites you but does no damage. Prince Ribbit barely misses you.
4277 ||| STAIRDANCE The adder barely misses you.
Prince Ribbit barely misses you.
You climb upwards.
There is a stone staircase leading down here.
You barely miss Prince Ribbit.
Prince Ribbit is heavily wounded.
You barely miss the adder. The adder bites you but does no damage.
Prince Ribbit hits you but does no damage.
The adder bites you.
You slash Prince Ribbit!
Prince Ribbit is severely wounded.
You slash the adder!
You kill the adder!
Prince Ribbit blinks!
You throw a boomerang. The boomerang hits Prince Ribbit.
Prince Ribbit is almost dead.
Prince Ribbit winks and puckers his lips.
You miss Prince Ribbit.
Prince Ribbit is almost dead.
Prince Ribbit hits you but does no damage.
You barely miss Prince Ribbit.
Prince Ribbit is almost dead.
Prince Ribbit blinks! x2
You barely miss Prince Ribbit.
Prince Ribbit is almost dead.
Prince Ribbit hits you! x2
You miss Prince Ribbit.
Prince Ribbit is almost dead.
Prince Ribbit hits you!
4287 ||| READING 2 scrolls of teleportation.
As you read the scroll of teleportation, it crumbles to dust.
You feel strangely unstable. Prince Ribbit hits you! x2
You die...

##.....#....#.......#........####
##.....................#.#..#,..
#.........#.#.#.#.#......#.#,..
##.........................#,..
#....####.....#...........#,..
##..### ###...............#,..
###..## ##..............#,..
#....## #.F%...........#,..
#.##..### ##.@#........#..####
#.##....#### #..##..#.....#......
#.##.......###.####.#.#..........
.......###....## #..###.........
###....# ###..# ##...###....... #
##..## ##.# #.....##.#.... #..#
#.# #......#...... #..###
##.######...#####.....
##...####....##.....#...#.....


You could see Prince Ribbit.

Vanquished Creatures
  A hornet (D:5)
  Grinder (D:5)
  Edmund (D:5)
  An ogre (D:4)
  2 phantoms (D:5)
  2 scorpions
  A hound (D:4)
  A jelly (D:5)
  An orc priest (D:5)
  A sleepcap (D:6)
  5 iguanas
  Ijyb (D:5)
  An orc wizard (D:4)
  A statue (D:5)
  9 adders
  2 worms (D:5)
  4 dart slugs
  16 orcs
  8 ball pythons
  4 bats
  10 endoplasms
  3 giant cockroaches
  11 goblins
  5 hobgoblins
  4 quokkas
  3 frilled lizards
  12 kobolds
  12 rats
123 creatures vanquished.

Notes
Turn   | Place    | Note
-------+----------+-------------------------------------------
     0 | D:1      | qw the Gargoyle Fighter began the quest for the Orb.
     0 | D:1      | Reached XP level 1. HP: 14/14 MP: 1/1
     0 | D:1      | 0 ||| qw: Version: 0.2-a-103-g5a998e5
     0 | D:1      | 0 ||| qw: Game counter: 1005
     0 | D:1      | 0 ||| qw: Always use a shield: true
     0 | D:1      | 0 ||| qw: God list: Okawaru
     0 | D:1      | 0 ||| qw: Allow faded altars: false
     0 | D:1      | 0 ||| qw: Do Orc after D:15 true
     0 | D:1      | 0 ||| qw: Do second Lair branch before Depths: true
     0 | D:1      | 0 ||| qw: Lair rune preference: random
     0 | D:1      | 0 ||| qw: Plans: Normal, Zot:1-4, Slime:5, God:TSO, Crypt,
                  | Tomb, Pan, Hells, Abyss, Win
     0 | D:1      | 0 ||| PLANNING D:1-11
    27 | D:1      | 27 ||| Stepping ~*~*~tactically~*~*~ (stealth).
    36 | D:1      | Reached skill level 2 in Axes
    89 | D:1      | 89 ||| Stepping ~*~*~tactically~*~*~ (hiding).
   206 | D:1      | Reached XP level 2. HP: 19/19 MP: 2/2
   351 | D:1      | Reached skill level 3 in Axes
   356 | D:1      | 356 ||| Stepping ~*~*~tactically~*~*~ (hiding).
   365 | D:1      | Reached XP level 3. HP: 21/23 MP: 3/3
   636 | D:1      | 636 ||| UPGRADING to amulet of regeneration.
   641 | D:1      | 641 ||| READING scroll labelled LINWES YCWETE.
   642 | D:1      | 642 ||| READING scroll labelled SASIF KEEZA.
   643 | D:1      | 643 ||| READING scroll labelled ROPRIE GETSU.
   644 | D:1      | 644 ||| READING scroll labelled JAVVEO FICUAQY.
   645 | D:1      | 645 ||| READING scroll labelled KEKAAC MIPY.
   646 | D:1      | 646 ||| READING scroll labelled REUMMIG MOIC.
   918 | D:2      | 918 ||| Stepping ~*~*~tactically~*~*~ (hiding).
   942 | D:2      | 942 ||| Stepping ~*~*~tactically~*~*~ (stealth).
   960 | D:2      | Reached XP level 4. HP: 28/28 MP: 4/4
  1033 | D:2      | 1033 ||| Stepping ~*~*~tactically~*~*~ (stealth).
  1044 | D:2      | Reached skill level 4 in Axes
  1054 | D:2      | 1054 ||| Stepping ~*~*~tactically~*~*~ (hiding).
  1471 | D:2      | 1471 ||| UPGRADING to +0 pair of gloves.
  1476 | D:2      | 1476 ||| UPGRADING to +0 plate armour.
  1486 | D:2      | 1486 ||| DROPPING +0 scale mail.
  1487 | D:2      | 1487 ||| READING scroll labelled WOZISI TICEO.
  1488 | D:2      | 1488 ||| READING scroll labelled CUMITH SIPLU.
  1489 | D:2      | 1489 ||| READING scroll labelled RINKOS COXOYSITTI.
  1493 | D:2      | 1493 ||| DRINKING 2 red potions.
  1700 | D:3      | 1700 ||| DRINKING 2 fizzy clear potions.
  1824 | D:4      | Reached XP level 5. HP: 28/32 MP: 5/5
  1824 | D:4      | 1824 ||| STAIRDANCE
  1827 | D:4      | 1827 ||| STAIRDANCE
  1876 | D:4      | Found a shimmering altar of Xom.
  1987 | D:4      | 1987 ||| DROPPING +0 club.
  1996 | D:4      | 1996 ||| UPGRADING to +0 cloak.
  2001 | D:4      | 2001 ||| DRINKING 2 smoky purple potions.
  2007 | D:4      | 2007 ||| STAIRDANCE
  2044 | D:4      | 2044 ||| DROPPING scarf of invisibility.
  2045 | D:4      | 2045 ||| READING 2 scrolls of identify.
  2045 | D:4      | 2045 ||| IDENTIFYING emerald potion
  2046 | D:4      | 2046 ||| DROPPING potion of degeneration.
  2051 | D:4      | 2051 ||| STAIRDANCE
  2073 | D:3      | 2073 ||| Stepping ~*~*~tactically~*~*~ (stealth).
  2074 | D:3      | 2074 ||| Stepping ~*~*~tactically~*~*~ (stealth).
  2077 | D:3      | 2077 ||| Stepping ~*~*~tactically~*~*~ (stealth).
  2078 | D:3      | 2078 ||| Stepping ~*~*~tactically~*~*~ (stealth).
  2095 | D:3      | Reached skill level 5 in Axes
  2120 | D:3      | 2120 ||| DROPPING +0 mace.
  2121 | D:3      | 2121 ||| READING scroll labelled VOBUAT VYMPEPY.
  2122 | D:3      | 2122 ||| DRINKING 2 sedimented coppery potions.
  2265 | D:3      | 2265 ||| READING scroll of enchant weapon.
  2265 | D:3      | 2265 ||| ENCHANTING +1 war axe.
  2360 | D:3      | 2360 ||| READING scroll labelled TAXUUSS PEPSY.
  2361 | D:3      | 2361 ||| READING 2 scrolls of identify.
  2361 | D:3      | 2361 ||| IDENTIFYING silvery potion
  2440 | D:4      | Noticed an ogre
  2560 | D:4      | Killed an ogre
  2561 | D:4      | Reached XP level 6. HP: 26/40 MP: 6/6
  2561 | D:4      | 2561 ||| FLEEEEING.
  2562 | D:4      | 2562 ||| FLEEEEING.
  2563 | D:4      | 2563 ||| FLEEEEING.
  2753 | D:5      | Entered Level 5 of the Dungeon
  2806 | D:5      | 2806 ||| Stepping ~*~*~tactically~*~*~ (stealth).
  2808 | D:5      | Noticed Grinder
  2821 | D:5      | 2821 ||| Stepping ~*~*~tactically~*~*~ (hiding).
  2822 | D:5      | 2822 ||| Stepping ~*~*~tactically~*~*~ (hiding).
  2823 | D:5      | 2823 ||| Stepping ~*~*~tactically~*~*~ (hiding).
  2824 | D:5      | 2824 ||| Stepping ~*~*~tactically~*~*~ (hiding).
  2829 | D:5      | 2829 ||| Stepping ~*~*~tactically~*~*~ (hiding).
  2831 | D:5      | 2831 ||| Stepping ~*~*~tactically~*~*~ (hiding).
  2842 | D:5      | Killed Grinder
  2843 | D:5      | Reached skill level 6 in Axes
  2843 | D:5      | Reached XP level 7. HP: 38/44 MP: 7/7
  2876 | D:5      | Found a staircase to the Ecumenical Temple.
  2877 | D:5      | 2877 ||| PLANNING TEMPLE
  2885 | Temple   | Entered the Ecumenical Temple
  2954 | Temple   | 2954 ||| PLANNING D:1-11
  3105 | D:5      | Noticed a hornet
  3106 | D:5      | 3106 ||| Stepping ~*~*~tactically~*~*~ (stealth).
  3135 | D:5      | Killed a hornet
  3136 | D:5      | Reached skill level 7 in Axes
  3136 | D:5      | Reached XP level 8. HP: 37/48 MP: 8/8
  3254 | D:5      | Noticed Edmund
  3273 | D:5      | Killed Edmund
  3400 | D:5      | Found a radiant altar of Vehumet.
  3416 | D:5      | Reached skill level 1 in Throwing
  3440 | D:5      | 3440 ||| Stepping ~*~*~tactically~*~*~ (stealth).
  3468 | D:5      | Noticed Ijyb
  3469 | D:5      | 3469 ||| Stepping ~*~*~tactically~*~*~ (hiding).
  3471 | D:5      | 3471 ||| Stepping ~*~*~tactically~*~*~ (hiding).
  3473 | D:5      | 3473 ||| Stepping ~*~*~tactically~*~*~ (hiding).
  3483 | D:5      | Killed Ijyb
  3490 | D:5      | 3490 ||| Stepping ~*~*~tactically~*~*~ (stealth).
  3493 | D:5      | Found a broken altar of Ashenzari.
  3508 | D:5      | 3508 ||| DROPPING amulet of magic regeneration.
  3509 | D:5      | 3509 ||| DROPPING amulet of the acrobat.
  3510 | D:5      | 3510 ||| READING scroll labelled KYCEEL HIGEEKHIME.
  3511 | D:5      | 3511 ||| READING scroll labelled QOUHUN HYPNAMA.
  3512 | D:5      | 3512 ||| DRINKING 2 pink potions.
  3513 | D:5      | 3513 ||| READING 2 scrolls of identify.
  3513 | D:5      | 3513 ||| IDENTIFYING lumpy puce potion
  3514 | D:5      | 3514 ||| DROPPING potion of brilliance.
  3515 | D:5      | 3515 ||| DROPPING potion of flight.
  3545 | D:5      | 3545 ||| DROPPING +0 flail.
  3613 | D:5      | Reached skill level 8 in Axes
  4223 | D:5      | Found a bloodstained altar of Trog.
  4225 | D:5      | 4225 ||| UPGRADING to +2 pair of gloves.
  4235 | D:5      | 4235 ||| DROPPING +0 pair of gloves.
  4263 | D:6      | Noticed Prince Ribbit
  4277 | D:6      | 4277 ||| STAIRDANCE
  4286 | D:5      | HP: 12/49 [Prince Ribbit (14)]
  4287 | D:5      | 4287 ||| READING 2 scrolls of teleportation.
  4287 | D:5      | HP: 5/49 [Prince Ribbit (8)]
  4287 | D:5      | Mangled by Prince Ribbit

Levels and vault maps discovered:
D:1:      ncdulo_smallfort, layout_rooms, minmay_misc_feat_tower
D:2:      layout_loops_ring, minmay_circle_x
D:3:      minmay_bubble_buster, layout_rooms, demons_altar
D:4:      layout_gridville, mainiacjoe_overflow_catwalk, chequers_big_river,
          grunt_ministairs_2
D:5:      layout_layer_cave, lemuel_tele_altar, vehumet_statue,
          nicolae_ashenzari_skybound, minmay_temple_entry_glass, uniq_ijyb,
          uniq_edmund, uniq_grinder
D:6:      layout_rooms, ebering_ghost_xom, uniq_prince_ribbit1
Temple:   nicolae_temple_colour_theory

Skill      XL: |  1  2  3  4  5  6  7  8 |
---------------+-------------------------+-----
Axes           | 2 3 4 5 6 7 8 |  8.1
Fighting       | 4 5 |  5.0
Armour         | 4 |  4.6
Dodging        | 2 |  2.1
Throwing       | 1 |  1.1
Shields        | |  3.2

Action                     |  1- 3 |  4- 6 |  7- 9 || total
---------------------------+-------+-------+-------++-------
  Melee: War axe           |   116 |   139 |   124 ||   379
  Throw: Boomerang         |       |       |    28 ||    28
    Use: Scroll            |     6 |     8 |     4 ||    18
         Potion            |       |     4 |     1 ||     5
 Armour: Scale mail        |    51 |    10 |       ||    61
         Plate armour      |       |    84 |    64 ||   148
  Dodge: Dodged            |    63 |    29 |    28 ||   120
  Block: Buckler           |    21 |    22 |    20 ||    63

Table legend:
 A = Non-vault XP
 B = Vault XP
 C = Vault XP percentage of total XP
 D = Non-vault monster count
 E = Vault monster count
 F = Vault count percentage of total count
                 A         B        C        D         E       F
            +---------+---------+-------+---------+---------+-------
      Total |    1435 |     540 |  27.3 |     106 |      17 |  13.8
            +---------+---------+-------+---------+---------+-------
        D:1 |      48 |       0 |   0.0 |      30 |       0 |   0.0
        D:2 |      55 |       9 |  14.1 |      16 |       4 |  20.0
        D:3 |      49 |      27 |  35.5 |      15 |       9 |  37.5
        D:4 |     341 |       0 |   0.0 |      16 |       0 |   0.0
        D:5 |     902 |     504 |  35.8 |      28 |       4 |  12.5
        D:6 |      40 |       0 |   0.0 |       1 |       0 |   0.0
            +---------+---------+-------+---------+---------+-------
